Map: Acolyte LE

Players

MVO - Winner!

  • Race: Protoss Protoss
  • League: Silver
  • Spawn Location: 1:00

Eggnog

  • Race: Terran Terran
  • Spawn Location: 7:00

VOD

Have the link to the VOD?

Description

Time

  • Played on: May 5, 2023, 2:58 a.m.
  • Length: 11:42
Show
View Real Time Build Order
Export as new Build Order

MVO Protoss - Winner!

Build Orders:  

Get SALT Encoding   

  12  0:00  Probe  
  13  0:12  Probe  
  14  0:21  Pylon  
  14  0:24  Probe  
  15  0:39  Probe  
  15  0:42  Gateway  
  16  0:51  Assimilator, Probe  
  17  1:03  Probe  
  18  1:10  Assimilator  
  18  1:15  Probe  
  19  1:28  Probe  
  19  1:29  Cybernetics Core  
  20  1:40  Probe  
  21  1:52  Probe  
  22  2:01  Nexus  
  22  2:04  Probe  
  23  2:17  Warp Gate  
  23  2:24  Pylon  
  23  2:37  Robotics Facility  
  23  2:41  Stalker (Chrono Boost)  
  25  2:58  Shield Battery  
  25  3:02  Stalker (Chrono Boost)  
  27  3:07  Probe  
  28  3:20  Probe  
  28  3:21  Probe  
  28  3:22  Immortal (Chrono Boost)  
  34  3:29  Stalker (Chrono Boost)  
  36  3:38  Probe x2  
  38  3:50  Probe x2  
  38  3:55  Immortal  
  42  4:21  Stalker  
  36  4:47  Stalker  
  38  5:15  Gateway x2  
  38  5:18  Immortal, Gateway  
  38  5:19  Stalker  
  38  5:21  Pylon  
  44  5:25  Pylon  
  44  5:28  Forge, Pylon  
  44  5:29  Probe x2  
  44  5:30  Pylon  
  44  5:31  Assimilator  
  44  5:35  Assimilator  
  46  5:36  Pylon  
  46  5:41  Probe x2  
  48  5:47  Twilight Council  
  48  5:48  Robotics Bay  
  48  5:53  Probe  
  48  5:54  Probe  
  50  6:05  Probe, Immortal (Chrono Boost)  
  50  6:06  Probe  
  50  6:08  Protoss Ground Weapons Level 1 (Chrono Boost)  
  56  6:14  Stalker  
  58  6:20  Probe  
  59  6:32  Probe  
  60  6:34  Pylon  
  60  6:35  Stalker x2  
  64  6:49  Observer (Chrono Boost)  
  65  6:55  Probe  
  64  7:07  Probe  
  61  7:17  Stalker x4  
  61  7:19  Colossus  
  61  7:20  Nexus  
  69  7:25  Assimilator  
  69  7:29  Charge (Chrono Boost), Extended Thermal Lance (Chrono Boost)  
  75  7:41  Stalker x2  
  79  7:58  Gateway  
  79  8:02  Gateway  
  79  8:45  Colossus (Chrono Boost)  
  79  8:46  Stalker x2  
  79  8:47  Stalker x2  
  87  8:51  Probe x2  
  87  8:54  Probe, Blink  
  96  9:03  Probe x2  
  96  9:06  Probe  
  99  9:12  Stalker x2  
  99  9:13  Stalker x2  
  99  9:15  Probe  
  99  9:16  Probe  
  109  9:34  Pylon  
  109  9:38  Pylon  
  109  9:52  Probe x3  
  108  10:04  Probe x3  
  97  10:16  Stalker x4, Probe  
  97  10:17  Stalker  
  97  10:18  Stalker  
  110  10:42  Pylon  
  110  10:43  Nexus  
  110  10:45  Colossus (Chrono Boost)  
  116  10:53  Pylon  
  116  11:00  Stalker x3  
  116  11:01  Stalker x3  
Show
View Real Time Build Order
Export as new Build Order

Eggnog Terran 

Build Orders:  

Get SALT Encoding   

  12  0:01  SCV  
  13  0:16  Supply Depot  
  13  0:17  SCV  
  14  0:29  SCV  
  15  0:40  Barracks  
  15  0:47  Barracks  
  15  0:55  Refinery  
  16  0:57  SCV  
  16  1:11  Barracks  
  16  1:20  SCV  
  17  1:28  Supply Depot  
  17  1:29  Marine  
  18  1:36  Barracks Tech Lab  
  18  1:47  Marine  
  19  2:00  Supply Depot  
  19  2:03  Marauder  
  19  2:05  Barracks Tech Lab  
  21  2:11  Marine  
  22  2:24  Marauder  
  22  2:25  Marauder  
  22  2:28  Marine  
  27  2:46  Marauder  
  27  2:47  Marauder  
  27  2:49  Marine  
  32  2:55  Supply Depot  
  32  3:01  SCV  
  33  3:16  Marauder x2  
  37  3:22  Marine  
  38  3:38  Marauder x2  
  38  3:40  Marine  
  43  3:47  SCV  
  44  4:00  Marine, Marauder  
  46  4:10  Marauder  
  34  4:43  Marauder x2  
  33  4:57  Marine  
  33  5:04  Marauder x2  
  33  5:15  Marine  
  34  5:26  Command Center, Marauder x2  
  38  5:33  Marine  
  39  5:42  Factory  
  39  5:49  Supply Depot  
  39  5:53  Barracks Reactor  
  39  5:54  Marauder  
  39  5:55  Marauder  
  43  6:12  Supply Depot  
  43  6:16  Marauder  
  47  6:18  Marauder  
  47  6:27  Factory Tech Lab  
  47  6:30  SCV  
  48  6:32  Marine  
  48  6:34  Marine  
  48  6:38  SCV  
  51  6:49  SCV  
  51  6:50  SCV  
  29  7:17  Marine, Marauder x2  
  29  7:19  Siege Tank  
  33  7:23  SCV  
  33  7:24  SCV  
  33  7:27  Marine  
  36  7:35  SCV  
  37  7:45  Refinery  
  37  7:49  Ghost Academy, Marauder  
  37  7:50  Marine, Marauder  
  42  7:52  Marine  
  42  7:54  SCV  
  44  8:11  SCV  
  44  8:12  SCV  
  46  8:16  Marauder  
  46  8:17  Marauder  
  50  8:25  SCV  
  51  8:43  Marine x2  
  51  8:45  Marauder x2  
  57  8:52  Starport  
  57  9:00  SCV  
  58  9:04  Supply Depot  
  58  9:05  Siege Tank  
  58  9:06  Refinery  
  61  9:12  SCV  
  62  9:33  Ghost  
  62  9:34  Engineering Bay  
  62  9:35  Command Center  
  59  10:00  Starport  
  42  10:14  Marauder x2  
  41  10:15  Marine x2  
  41  10:16  SCV  
  41  10:20  Siege Tank  
  49  10:29  Starport Tech Lab  
  49  10:38  Orbital Command  
  49  10:44  Marine x2, Marauder x2  
  55  11:03  Starport Reactor  
  55  11:06  Fusion Core  
  55  11:09  SCV  
Tags
 
League
Silver
Matchup
PvT
Spawn Locations
Cross Positions
Add a new tag
Caveats
  • Supply blocks, unpowered buildings, or Contaminate may cause inaccurate times.
  • Supply counts are checked every 10 seconds.